 Dungeon Crawl Stone Soup version 0.26-b1-32-g5d43845318 (webtiles) character file.

Game seed: 17816259287315907996

14 jmlagarto the Vexing (level 2, 0/19 HPs)
             Began as a Vampire Enchanter on Jan 9, 2021.
             Slain by a kobold
             ... wielding a +0 short sword
              (4 damage)
             ... on level 1 of the Dungeon.
             The game lasted 00:01:47 (253 turns).

jmlagarto the Vexing (Vampire Enchanter)             Turns: 253, Time: 00:01:48

Health: 0/19       AC:  2    Str:  7    XL:     2   Next: 31%
Magic:  4/5        EV: 12    Int: 17    God:
Gold:   46         SH:  0    Dex: 14    Spells: 4/5 levels left

rFire    . . .     SeeInvis +   a - +1 dagger
rCold    . . .     Faith    .   (no shield)
rNeg     . . .     Spirit   .   b - +0 robe
rPois    .         Reflect  .   (no helmet)
rElec    .         Harm     .   (no cloak)
rCorr    .         Rampage  .   (no gloves)
Will     .....                  (no boots)
Stlth    +++.......             (no amulet)
HPRegen  0.26/turn              (no ring)
MPRegen  0.09/turn              (no ring)

@: regenerating quickly
A: fangs 3, see invisible, unbreathing
a: Exsanguinate


You were on level 1 of the Dungeon.
You visited 1 branch of the dungeon, and saw 1 of its levels.

You collected 46 gold pieces.

Inventory:

Hand Weapons
 a - a +1 dagger (weapon)
 g - a +0 hunting sling
Missiles
 e - 26 bolts
Armour
 b - a +0 robe (worn)
Jewellery
 c - an uncursed ring of fire {unknown}
Scrolls
 d - a scroll of amnesia {unknown}
Potions
 f - a potion of flight {unknown}


   Skills:
 + Level 1.3 Short Blades
 + Level 2.2 Dodging
 + Level 4.7 Stealth
 + Level 2.0 Spellcasting
 + Level 5.2 Hexes


You had 4 spell levels left.
You knew the following spells:

 Your Spells              Type           Power        Failure   Level
a - Corona                Hex            21%          2%          1

Your spell library contained the following spells:

 Spells                   Type           Power        Failure   Level
 Confusing Touch          Hex            19%          7%          3
 Tukima's Dance           Hex            19%          7%          3
 Ensorcelled Hibernation  Hex/Ice        20%          10%         2
 Dazzling Flash           Conj/Hex       20%          21%         3


Dungeon Overview and Level Annotations

Branches:
Dungeon (1/15)

Altars:


Innate Abilities, Weirdness & Mutations

Your natural rate of healing is unusually fast.
You have razor-sharp teeth.
You have supernaturally acute eyesight. (SInv)
You can survive without breathing.


Message History

The kobold barely misses you.
You barely miss the kobold.
The kobold is severely wounded.
The kobold hits you with a +0 short sword.
You hit the kobold but do no damage.
The kobold is severely wounded.
The kobold hits you with a +0 short sword.
* * * LOW HITPOINT WARNING * * *
You closely miss the kobold.
The kobold is severely wounded.
The kobold hits you but does no damage.
You hit the kobold but do no damage.
The kobold is severely wounded.
A kobold comes into view. It is wielding a +0 dagger.
The kobold hits you with a +0 short sword.
* * * LOW HITPOINT WARNING * * *
You barely miss the kobold.
The kobold is severely wounded.
The kobold hits you with a +0 short sword.
You die...

######...##.######...............
..#.)..............##########....
..#.####..................# ####.
#.#.# ##...##########.##.# #.
#...# #...# #.##.# #. ##[## #...#
#######.##.### ## ...# #...#
#............# .####
#...####K#######..#.# ....#
.......)@# #..#.# #...#
########K# #..#.# #...# ♣♣♣♣♣♣
#.# #..#.# #...#♣♣P.≈≈♣♣ ..#
#..#.# ........^≈≈8♣ ..#
#..#†##### P...P.♣..≈P♣♣ #..#
#......... ♣...♣♣♣♣♣♣♣♣ #..#
##.#.##### ♣...♣♣♣P.♣♣ #..#
#.#...... P.....♣P.≈≈ #.#######


You could see 2 kobolds.

Vanquished Creatures
  An ooze (D:1)
  A dart slug (D:1)
  4 hobgoblins (D:1)
  A frilled lizard (D:1)
  A rat (D:1)
8 creatures vanquished.

Notes
Turn   | Place    | Note
-------+----------+-------------------------------------------
     0 | D:1      | jmlagarto the Vampire Enchanter began the quest for the
                  | Orb.
     0 | D:1      | Reached XP level 1. HP: 13/13 MP: 3/3
   151 | D:1      | Reached skill level 5 in Hexes
   151 | D:1      | Reached XP level 2. HP: 19/19 MP: 3/5
   253 | D:1      | Slain by a kobold

Illustrated notes

Levels and vault maps discovered:
D:1:      psy_arrival_wood_between_worlds, layout_loops_ring

Skill      XL: |  1 |
---------------+----+-----
Hexes          | 5 |  5.2
Short Blades   | |  1.3
Dodging        | |  2.2
Stealth        | |  4.7
Spellcasting   | |  2.0

Action                   || total
-------------------------++-------
Melee: Dagger            ||    38
       Bite              ||     2
 Cast: Corona            ||     7
Armor: Robe              ||     2
Dodge: Dodged            ||    14
